 Dungeon Crawl Stone Soup version 0.18-a0-1088-g34ef3a2 (webtiles) character file.

44 namelastname112 the Insei (level 3, 0/26 HPs)
             Began as a Draconian Wizard on Jan 15, 2016.
             Slain by a worm (1 damage)
             ... on level 3 of the Dungeon.
             The game lasted 00:03:20 (1638 turns).

namelastname112 the Insei (Draconian Wizard)        Turns: 1638, Time: 00:03:20

Health: 0/26       AC:  6    Str:  9    XL:     3   Next: 39%
Magic:  3/7        EV: 12    Int: 18    God:
Gold:   27         SH:  0    Dex: 10    Spells: 1 memorised, 7 levels left

rFire  . . .     SeeInvis .       - Unarmed
rCold  . . .     Gourm    .     (armour unavailable)
rNeg   . . .     Faith    .     (no shield)
rPois  .         Spirit   .     a - +1 hat
rElec  .         Dismiss  .     (no cloak)
rCorr  .         Reflect  .     (no gloves)
SustAt .         Harm     .     (no boots)
MR     .....                    d - amulet of inaccuracy (curse)
Stlth  ++........               (no ring)
                                (no ring)

@: very slightly contaminated, invisible, not resistant to hostile enchantments,
unstealthy
A: unfitting armour, cold-blooded, AC +5
a: no special abilities


You were on level 3 of the Dungeon.
You were very hungry.

You visited 1 branch of the dungeon, and saw 3 of its levels.

You collected 27 gold pieces.

Inventory:

Armour
 a - a +1 hat (worn)
Jewellery
 d - a cursed amulet of inaccuracy (around neck)
 i - an uncursed ring of poison resistance {unknown}
Scrolls
 j - a scroll of remove curse {unknown}
Books
 b - a book of Minor Magic

   Spells                             Type                      Level
   a - Magic Dart                     Conjuration                  1
   b - Blink                          Translocation                2
   c - Call Imp                       Summoning                    2
   d - Repel Missiles                 Charms/Air                   2
   e - Slow                           Hexes                        2
   f - Conjure Flame                  Conjuration/Fire             3
   g - Mephitic Cloud                 Conjuration/Poison/Air       3
Comestibles
 c - a bread ration
 f - a royal jelly
 g - a meat ration


   Skills:
 - Level 1.7 Dodging
 - Level 1.7 Stealth
 + Level 3.1 Unarmed Combat
 - Level 3.0 Spellcasting
 - Level 1.0 Conjurations
   Level 1.0 Summonings
   Level 1.0 Translocations


You had 7 spell levels left.
You knew the following spells:

 Your Spells              Type           Power        Failure   Level  Hunger
z - Magic Dart            Conj           #...         12%         1    None


Dungeon Overview and Level Annotations

Branches:
Dungeon (3/15)

Altars:
Ashenzari
Fedhas

Annotations:
D:2 Sigmund


Innate Abilities, Weirdness & Mutations

Your plain brown scales are hard (AC +5).
Your body does not fit into most forms of armour.
You are cold-blooded and may be slowed by cold attacks.


Message History

The bat zombie hits you but does no damage.
The bat zombie closely misses you.
The bat zombie hits you but does no damage.
The worm bites you.
* * * LOW HITPOINT WARNING * * *
You are very lightly contaminated with residual magic.
You completely miss the worm.
The worm is severely wounded.
The bat zombie closely misses you. x2
You catch the helpless worm completely off-guard!
You hit the worm.
The worm is severely wounded.
The bat zombie closely misses you. The bat zombie barely misses you.
The worm bites you but does no damage. The bat zombie barely misses you.
You hit the worm.
The worm is almost dead.
The bat zombie hits you.
* * * LOW HITPOINT WARNING * * *
The bat zombie barely misses you. The worm bites you.
You die...

8##
..8###########
...##........#
.._#[.......#
..##........#
#........#
#....###w####...
###########.##
#@ZZZ....
.......†..w.#
######...
......#######
...<..# .....##
.........#
............
..#.#.......
.#..##......


You could see a worm, 2 bat zombies and a rat zombie.

Vanquished Creatures
  An adder (D:3)
  An ooze (D:1)
  6 bats (D:1)
  A bat zombie (D:3)
  5 goblins
  3 hobgoblins (D:1)
  4 giant newts
  3 kobolds (D:1)
  8 rats
32 creatures vanquished.

Notes
Turn   | Place    | Note
--------------------------------------------------------------
     0 | D:1      | namelastname112 the Draconian Wizard began the quest for the Orb.
     0 | D:1      | Reached XP level 1. HP: 14/14 MP: 4/4
    71 | D:1      | Reached skill level 1 in Unarmed Combat
   343 | D:1      | Reached XP level 2. HP: 18/20 MP: 0/6
  1298 | D:1      | Reached XP level 3. HP: 20/26 MP: 5/7
  1434 | D:2      | Found a blossoming altar of Fedhas.
  1490 | D:3      | Noticed a hungry ghost
  1539 | D:2      | Noticed Sigmund
  1591 | D:3      | Found a shattered altar of Ashenzari.
  1638 | D:3      | HP: 1/26 [bat zombie (1)]
  1638 | D:3      | Slain by a worm

Vault maps used:
D:1:      sevenhm_arrival_forest_fort_small_4
D:2:      lemuel_doored_altar, uniq_sigmund
D:3:      lemuel_zombie_altar_kikubaaqudgha, nicolae_overflow_hidden_temple,
          johnstein_pakellas_shop, uniq_crazy_yiuf_cottage

Action                   || total
-------------------------++-------
Melee: Unarmed           ||   100
 Cast: Magic Dart        ||    56
  Use: Potion            ||     3
       Scroll            ||     1
 Stab: Invisible         ||     1
  Eat: Chunk             ||     2
